 Dungeon Sprint DCSS version 0.21-a0-94-gdd6ab6a (webtiles) character file.

1818 Kidiri the Fighter (level 8, -3/92 HPs)
             Began as a Grey Draconian Transmuter on July 2, 2017.
             Was a Follower of Uskayaw.
             Slain by an eight-headed hydra (14 damage)
             ... in the Dungeon (Sprint IX: "|||||||||||||||||||||||||||||").
             The game lasted 00:06:09 (1845 turns).

Kidiri the Fighter (Grey Draconian Transmuter)      Turns: 1845, Time: 00:06:09

Health: -3/92      AC:  6    Str: 14    XL:     8   Next: 85%
Magic:  16/19      EV: 13    Int: 14    God:    Uskayaw [*.....]
Gold:   0          SH:  0    Dex: 12    Spells: 1/21 levels left

rFire    x . .     SeeInvis .     - Unarmed
rCold    + + +     Gourm    .   (shield currently unavailable)
rNeg     . . .     Faith    .   (armour unavailable)
rPois    +         Spirit   .   (helmet currently unavailable)
rElec    .         Reflect  .   (cloak currently unavailable)
rCorr    .         Harm     .   (gloves currently unavailable)
MR       .....     NoTele   +   (boots currently unavailable)
Stlth    +++.......             (no amulet)
HPRegen  0.25/turn              (no ring)
MPRegen  0.16/turn              (no ring)

@: ice-form
A: (walk through water), unfitting armour, AC +11
a: End Transformation, Stomp, Renounce Religion


You were in the Dungeon.
You worshipped Uskayaw.
Uskayaw was noncommittal.
You were not hungry.
You were a creature of crystalline ice.
You visited 1 branch

Inventory:

Missiles
 a - 12 arrows
Jewellery
 q - a +2 ring of protection
 r - a +3 ring of strength
Wands
 p - a wand of acid (7/15)
Scrolls
 i - 3 scrolls of blinking
 n - 3 scrolls of remove curse
 o - 2 scrolls of amnesia
 t - 2 scrolls of fog
 u - 2 scrolls of enchant armour
Potions
 d - 4 potions of curing
 e - a potion of might
 f - 2 potions of haste
 g - 4 potions of magic
 h - 2 potions of berserk rage
 j - a potion of brilliance
 l - a potion of invisibility
 m - 4 potions of heal wounds
Books
 b - a book of Changes

   Spells                             Type                      Level
   a - Beastly Appendage              Transmutation                1
   b - Sticks to Snakes               Transmutation                2
   c - Spider Form                    Transmutation/Poison         3
   d - Ice Form                       Ice/Transmutation            4
   e - Blade Hands                    Transmutation                5
 k - a book of Annihilations

   Spells                             Type                      Level
   a - Poison Arrow                   Conjuration/Poison           6
   b - Chain Lightning                Conjuration/Air              8
   c - Lehudib's Crystal Spear        Conjuration/Earth            8
   d - Glaciate                       Conjuration/Ice              9
   e - Fire Storm                     Conjuration/Fire             9
 s - a book of Air

   Spells                             Type                      Level
   a - Shock                          Conjuration/Air              1
   b - Swiftness                      Charms/Air                   2
   c - Static Discharge               Conjuration/Air              3
   d - Airstrike                      Air                          4
   e - Lightning Bolt                 Conjuration/Air              5


   Skills:
 * Level 8.8 Fighting
 * Level 7.6 Dodging
 + Level 5.2 Stealth
 * Level 8.5 Unarmed Combat
 * Level 7.4 Spellcasting
 + Level 1.3 Conjurations
 + Level 2.2 Charms
 + Level 5.8 Transmutations
 + Level 4.0 Ice Magic
 + Level 2.0 Air Magic
 + Level 4.9 Poison Magic
 + Level 5.1 Invocations


You had one spell level left.
You knew the following spells:

 Your Spells              Type           Power        Failure   Level  Hunger
a - Beastly Appendage     Tmut           ###...       1%          1    None
b - Sticks to Snakes      Tmut           ###.....     1%          2    None
c - Spider Form           Tmut/Pois      ###.......   4%          3    ##.....
d - Ice Form              Ice/Tmut       ###.....     17%         4    ####...
e - Blade Hands           Tmut           ###.......   32%         5    #####..
f - Swiftness             Chrm/Air       ##......     9%          2    None
g - Static Discharge      Conj/Air       #.......     21%         3    ##.....


Dungeon Overview and Level Annotations

Branches:
Dungeon (1/1)

Altars:
Cheibriados
Dithmenos
Elyvilon
Fedhas
Gozag
Hepliaklqana
Kikubaaqudgha
Makhleb
Nemelex Xobeh
Okawaru
Qazlal
Ru
Sif Muna
Trog
Uskayaw
Vehumet
Wu Jian
Xom
Yredelemnul
Zin
The Shining One
Beogh
Jiyva
Lugonu


Innate Abilities, Weirdness & Mutations

((You can walk through water.))
((Your dull iron-grey scales are very hard. (AC +11)))
You cannot fit into any form of body armour.
((You can survive without breathing.))
((You are cold-blooded and may be slowed by cold attacks.))


Message History

The eight-headed hydra bites you! The eight-headed hydra bites you.
The eight-headed hydra bites you! The eight-headed hydra misses you.
You punch the eight-headed hydra!
The eight-headed hydra seems to slow down.
You freeze the eight-headed hydra.
The eight-headed hydra is moderately wounded.
Unknown command.
You hit the eight-headed hydra. You freeze the eight-headed hydra.
The eight-headed hydra is moderately wounded.
The eight-headed hydra bites you! The eight-headed hydra misses you.
The eight-headed hydra bites you!
* * * LOW HITPOINT WARNING * * *
The eight-headed hydra bites you.
* * * LOW HITPOINT WARNING * * *
The eight-headed hydra bites you.
* * * LOW HITPOINT WARNING * * *
The eight-headed hydra bites you.
* * * LOW HITPOINT WARNING * * *
The eight-headed hydra bites you!
You die...

▓▓▓▓▓▓▓▓▓▓▓▓▓▓▓▓▓▓▓▓▓
...............DY...▓
▓▓▓▓▓▓▓▓▓▓▓▓▓▓▓▓▓▓▓.▓
[.['......)).....'..▓
▓▓▓▓▓▓▓▓▓▓▓▓▓▓▓▓▓▓▓▓▓


You could see an eight-headed hydra.

Vanquished Creatures
  A black mamba (D)
  A slime creature (D)
  2 hippogriffs (D)
  3 porcupines (D)
  An orc warrior (D)
  2 ice beasts (D)
  A wolf (D)
  A big kobold (D)
  A scorpion (D)
  A howler monkey (D)
  2 crimson imps (D)
  A jelly (D)
  3 adders (D)
  An adder zombie (D)
  2 orcs (D)
  A bat zombie (D)
  A goblin (D)
  A hobgoblin (D)
  A jackal (D)
  A frilled lizard (D)
  A kobold (D)
29 creatures vanquished.

Notes
Turn   | Place    | Note
-------+----------+-------------------------------------------
     0 | D        | Kidiri the Draconian Transmuter began the quest for the Orb.
     0 | D        | Reached XP level 1. HP: 16/16 MP: 3/3
   218 | D        | Noticed a crimson imp
   224 | D        | Reached skill level 1 in Stealth
   224 | D        | Reached XP level 2. HP: 19/25 MP: 2/5
   240 | D        | Reached XP level 3. HP: 14/31 MP: 1/7
   426 | D        | Found a roughly hewn altar of Beogh.
   426 | D        | Found a snail-covered altar of Cheibriados.
   426 | D        | Found a shadowy altar of Dithmenos.
   426 | D        | Found a white marble altar of Elyvilon.
   426 | D        | Found a blossoming altar of Fedhas.
   426 | D        | Found an opulent altar of Gozag.
   427 | D        | Found a hazy altar of Hepliaklqana.
   428 | D        | Found a viscous altar of Jiyva.
   429 | D        | Found an ancient bone altar of Kikubaaqudgha.
   430 | D        | Found a corrupted altar of Lugonu.
   431 | D        | Found a burning altar of Makhleb.
   432 | D        | Found a sparkling altar of Nemelex Xobeh.
   433 | D        | Found an iron altar of Okawaru.
   434 | D        | Found a stormy altar of Qazlal.
   435 | D        | Found a sacrificial altar of Ru.
   436 | D        | Found a deep blue altar of Sif Muna.
   437 | D        | Found a bloodstained altar of Trog.
   438 | D        | Found a hide-covered altar of Uskayaw.
   439 | D        | Found a radiant altar of Vehumet.
   440 | D        | Found an ornate altar of the Wu Jian Council.
   441 | D        | Found a shimmering altar of Xom.
   442 | D        | Found a basalt altar of Yredelemnul.
   443 | D        | Found a glowing silver altar of Zin.
   444 | D        | Found a glowing golden altar of the Shining One.
   446 | D        | Became a worshipper of Uskayaw the Reveler
   477 | D        | Learned a level 2 spell: Sticks to Snakes
   481 | D        | Learned a level 3 spell: Spider Form
   503 | D        | Noticed a scorpion
   506 | D        | Reached * piety under Uskayaw
   509 | D        | Reached ** piety under Uskayaw
   514 | D        | Killed a scorpion
   514 | D        | Reached skill level 1 in Poison Magic
   514 | D        | Reached skill level 1 in Invocations
   514 | D        | Reached XP level 4. HP: 36/41 MP: 7/10
   519 | D        | Reached skill level 5 in Fighting
   519 | D        | Reached skill level 5 in Unarmed Combat
   519 | D        | Reached XP level 5. HP: 32/48 MP: 4/11
   519 | D        | Reached *** piety under Uskayaw
   523 | D        | Reached **** piety under Uskayaw
   530 | D        | Reached ***** piety under Uskayaw
   535 | D        | Reached skill level 5 in Dodging
   548 | D        | Learned a level 4 spell: Ice Form
   689 | D        | Noticed an ice beast
   689 | D        | Noticed an orc warrior
   689 | D        | Noticed a slime creature
   689 | D        | Noticed an ice beast
   700 | D        | Reached skill level 5 in Spellcasting
   700 | D        | Reached skill level 1 in Ice Magic
   700 | D        | Reached XP level 6. HP: 46/57 MP: 10/13
   708 | D        | Killed a slime creature
   711 | D        | Killed an ice beast
   711 | D        | Your scales start taking on a dull iron-grey colour.
   711 | D        | Reached XP level 7. HP: 54/66 MP: 11/16
   711 | D        | Gained mutation: You can survive without breathing. [Grey Draconian growth]
   729 | D        | Reached skill level 5 in Transmutations
   806 | D        | Learned a level 5 spell: Blade Hands
   913 | D        | Learned a level 2 spell: Swiftness
   926 | D        | Noticed a black mamba
   926 | D        | Noticed a hippogriff
   926 | D        | Noticed a hippogriff
   926 | D        | Noticed an eight-headed hydra
   931 | D        | Killed a black mamba
   931 | D        | Reached skill level 1 in Charms
   931 | D        | Reached skill level 1 in Air Magic
   931 | D        | Reached XP level 8. HP: 35/74 MP: 11/18
   936 | D        | Killed a hippogriff
  1214 | D        | Learned a level 3 spell: Static Discharge
  1226 | D        | Reached skill level 5 in Stealth
  1231 | D        | Killed a hippogriff
  1231 | D        | Reached skill level 1 in Conjurations
  1231 | D        | Reached skill level 5 in Invocations
  1845 | D        | Slain by an eight-headed hydra

Vault maps used:
D:        linesprint

Skill      XL: |  1  2  3  4  5  6  7  8 |
---------------+-------------------------+-----
Dodging        | 2 3 4 5 6 7 |  7.6
Fighting       | 2 3 4 5 6 7 8 |  8.8
Stealth        | 1 2 3 4 5 |  5.2
Spellcasting   | 3 4 5 6 7 |  7.4
Unarmed Combat | 4 5 6 7 8 |  8.5
Transmutations | 3 4 5 |  5.8
Poison Magic   | 1 2 3 4 |  4.9
Invocations    | 1 2 3 4 5 |  5.1
Ice Magic      | 1 2 3 4 |  4.0
Charms         | 1 2 |  2.2
Air Magic      | 1 2 |  2.0
Conjurations   | 1 |  1.3

Action                   |  1- 3 |  4- 6 |  7- 9 || total
-------------------------+-------+-------+-------++-------
Melee: Unarmed           |   145 |    40 |    47 ||   232
       Kick              |    13 |       |       ||    13
       Punch             |     4 |       |     2 ||     6
       Tailslap          |    15 |       |     1 ||    16
       Headbutt          |     1 |       |       ||     1
 Cast: Beastly Appendage |     9 |       |       ||     9
       Spider Form       |     1 |     2 |     2 ||     5
       Ice Form          |       |       |     3 ||     3
       Swiftness         |       |       |     1 ||     1
Invok: Stomp             |       |       |     2 ||     2
  Use: Potion            |     1 |       |     3 ||     4
       Scroll            |       |       |     1 ||     1
 Stab: Sleeping          |     1 |       |       ||     1
       Paralysed         |       |     4 |     2 ||     6
  Eat: Bread ration      |       |       |     1 ||     1
Armor: Skin              |    34 |       |     7 ||    41
Dodge: Dodged            |    60 |    27 |    52 ||   139
